 Dungeon Crawl Stone Soup version 0.29-a0-919-gd064cfad1c (webtiles) character file.

Game seed: 14465904594182116364

100 ptdevnull the Slasher (level 5, -2/40 HPs)
             Began as a Djinni Gladiator on July 27, 2022.
             Killed from afar by an orc wizard (3 damage)
             ... with a magic dart
             ... on level 3 of the Dungeon.
             The game lasted 00:04:40 (2568 turns).

ptdevnull the Slasher (Djinni Gladiator)            Turns: 2568, Time: 00:04:41

Health: -2/40      AC:  4    Str: 13    XL:     5   Next: 3%
Gold:   155        EV: 17    Int:  9    God:
                   SH:  0    Dex: 19

rFire   + + .      SeeInvis .   a - +0 long sword
rCold   x . .      Faith    .   (no shield)
rNeg    . . .      Spirit   .   b - +0 leather armour
rPois   ∞          Reflect  .   c - +0 helmet
rElec   .          Harm     .   (no cloak)
rCorr   .          Rampage  .   (no gloves)
Will    +....      Rage     3%  (boots unavailable)
Stlth   ++........              (no amulet)
HPRegen 0.13/turn               j - +4 ring of evasion
MPRegen 0.00/turn               r - ring of willpower

@: flying
A: sickness immunity, fire resistance 2, cold vulnerability 1, float, innate
caster, HP casting, extra vitality 1, thin skeletal structure 1, berserk 1
a: no special abilities


You were on level 3 of the Dungeon.
You visited 1 branch of the dungeon, and saw 4 of its levels.

You collected 155 gold pieces.

Inventory:

Hand Weapons
 a - a +0 long sword (weapon)
 m - a +3 dagger of protection
Missiles
 d - 3 throwing nets (quivered)
 e - a javelin
Armour
 b - a +0 leather armour (worn)
 c - a +0 helmet (worn)
Jewellery
 j - a +4 ring of evasion (left hand)
 r - a ring of willpower (right hand)
 s - a ring of fire
 t - a +6 ring of intelligence
Scrolls
 g - 3 scrolls of identify {unknown}
 i - a scroll of enchant weapon {unknown}
 l - 2 scrolls of immolation {unknown}
 q - 2 scrolls of teleportation {unknown}
 v - a scroll of noise {unknown}
 w - a scroll of silence {unknown}
 x - a scroll of blinking {unknown}
Potions
 f - a potion of might {unknown}
 h - 2 potions of heal wounds {unknown}
 k - a potion of degeneration {unknown}
 n - a potion of haste {unknown}
 o - a potion of mutation
 p - 2 potions of curing
 u - a potion of magic {unknown}
 z - 2 potions of ambrosia {unknown}
 A - a potion of attraction {unknown}


   Skills:
 + Level 3.2 Fighting
 * Level 4.0 Long Blades
 - Level 1.5 Throwing
 - Level 3.7 Dodging


You had one spell level left.
You knew the following spells:

 Your Spells              Type           Power      Damage    Failure   Level
a - Freeze                Ice            0%         1d3       45%         1
b - Call Imp              Summ           0%         N/A       61%         2
Your spell library was empty.

Dungeon Overview and Level Annotations

Branches:
Dungeon (4/15)
 Temple: D:4-7

Altars:

Shops:
D:1 (   D:4 (


Innate Abilities, Weirdness & Mutations

You are immune to sickness and miasma.
You are immune to poison.
Your flesh is very heat resistant. (rF++)
You are vulnerable to cold. (rC-)
You float through the air rather than walking.
You learn spells naturally, not from books.
Your magical power is your life essence.
You have superior vitality. (+4 MHP)
You have a somewhat thin skeletal structure. (Dex +2, Stealth+)
You sometimes lose your temper in combat.


Message History

An orc wizard appears from thin air!
Reactivating autopickup.
The orc wizard hits you with a +0 dagger.
Your Long Blades skill increases to level 4!
Unknown command.
You slash the orc wizard!
The orc wizard is severely wounded.
The orc wizard mumbles some strange words.
The orc wizard flickers and vanishes!
Deactivating autopickup; reactivate with Ctrl-A.
You closely miss something.
You hear some strange, mumbled words.
A magic dart appears from out of thin air!
The magic dart hits you!
* * * LOW HITPOINT WARNING * * *
Something hits you but does no damage.
You miss something. Something hits you but does no damage.
You closely miss something. Something hits you.
* * * LOW HITPOINT WARNING * * *
You miss something. Something barely misses you.
It was a potion of curing.
You feel better. Something hits you but does no damage.
You barely miss something. Something hits you.
* * * LOW HITPOINT WARNING * * *
You miss something. Something hits you but does no damage.
You hear some strange, mumbled words.
A magic dart appears from out of thin air!
The magic dart hits you.
* * * LOW HITPOINT WARNING * * *
You hit something but do no damage. Something hits you.
* * * LOW HITPOINT WARNING * * *
You barely miss something. Something hits you.
* * * LOW HITPOINT WARNING * * *
You completely miss something. Something closely misses you.
It was a potion of mutation.
You feel extremely strange.
You feel a little pissed off.
Your bones become slightly less dense.
You hear some strange, mumbled words.
A magic dart appears from out of thin air!
The magic dart hits you.
You die...

...# #..##.# #.
...# ##.##.# #.
#'## #..#.#
#######. #.#
#..#.# #.......
#.# #...[#
#....... #.#
#.#..# ##.......
#.# #.#..#
#........ #.##
#.#{)# #........
...# #.##@#
#........ ...#
#.#### #.#######
...# ###'#######
#.# ...#
######.........#
#.# ...#
#..............#
#.# ...#
#.###..........#
#.# ...# #.#
#..........# #.#
...# #.#
#.##.####### #.#
..## #.###.##.#
#######.#


There were no monsters in sight!

Vanquished Creatures
  3 adders
  3 worms (D:3)
  2 dart slugs
  5 orcs
  A ball python (D:3)
  5 endoplasms (D:1)
  3 giant cockroaches
  5 goblins
  2 hobgoblins (D:1)
  7 kobolds
  6 quokkas
  4 bats
  4 frilled lizards (D:1)
  5 rats
55 creatures vanquished.

Notes
Turn   | Place    | Note
-------+----------+-------------------------------------------
     0 | D:1      | ptdevnull the Djinni Gladiator began the quest for the Orb.
     0 | D:1      | Reached XP level 1. HP: 18/18 MP: 0/0
    43 | D:1      | Reached XP level 2. HP: 21/23 MP: 0/0
   190 | D:1      | Found Quybri's Weapon Shoppe.
   279 | D:1      | Reached skill level 3 in Long Blades
   477 | D:1      | Reached XP level 3. HP: 20/29 MP: 0/0
   477 | D:1      | Learned a level 1 spell: Freeze
  1014 | D:2      | Reached XP level 4. HP: 26/34 MP: 0/0
  1430 | D:2      | Found a faded altar of an unknown god.
  2475 | D:4      | Found Gaung's Weapon Boutique.
  2553 | D:3      | Reached XP level 5. HP: 20/40 MP: 0/0
  2553 | D:3      | Learned a level 2 spell: Call Imp
  2557 | D:3      | Reached skill level 4 in Long Blades
  2565 | D:3      | HP: 1/40 [something (4)]
  2568 | D:3      | Gained mutation: You sometimes lose your temper in combat.
                  | [potion of mutation]
  2568 | D:3      | Gained mutation: You have a somewhat thin skeletal
                  | structure. (Dex +2, Stealth+) [potion of mutation]
  2568 | D:3      | Killed from afar by an orc wizard

Illustrated notes

Levels and vault maps discovered:
D:1:      shiori_arrival_oz, layout_basic, serial_shops, shop
D:2:      layout_basic, dreamdust_ecumenical_altar_grove
D:3:      layout_basic, mainiacjoe_overflow_catwalk
D:4:      layout_gridville, serial_shops, kennysheep_mini_moat,
          nicolae_shop_bloodbath_and_beyond, shop, shop, shop_statue,
          serial_glass, glass_columns_a, glass_columns_c, nicolae_shop_fire_sale
          [nicolae_sub_dead_trees], minmay_misc_feat_nine_boxes,
          uniq_blork_the_orc, uniq_robin

Skill      XL: |  1  2  3  4  5 |
---------------+----------------+-----
Long Blades    | 3 4 |  4.0
Fighting       | 3 |  3.2
Throwing       | |  1.5
Dodging        | |  3.7

Action                   |  1- 3 |  4- 6 || total
-------------------------+-------+-------++-------
Melee: Long sword        |    75 |    89 ||   164
  Use: Potion            |       |     2 ||     2
Armor: Leather armour    |    11 |    22 ||    33
Dodge: Dodged            |    48 |    74 ||   122

Table legend: (Time is in decaauts)
 A = Elapsed time spent in this place.
 B = Non-inter-level travel time spent in this place.
 C = Inter-level travel time spent in this place.
 D = Time resting spent in this place.
 E = Time spent auto-exploring this place.
 F = Levels seen in this place.
 G = Mean time per level.
                   A        B        C        D        E       F      G
               +--------+--------+--------+--------+--------+-----+--------+
         Total |   2605 |   2536 |     69 |      0 |   2103 |   4 |  651.2 |
       Dungeon |   2605 |   2536 |     69 |      0 |   2103 |   4 |  651.2 |
               +--------+--------+--------+--------+--------+-----+--------+

Top non-repeatable levels by time:
     D:1: 1012 daAuts
     D:3: 921 daAuts
     D:2: 584 daAuts
     D:4: 86 daAuts
